 Dungeon Crawl Stone Soup version 0.13.1-28-g3517093 (webtiles) character file.

394 CrazyArbalest the Bolt Thrower (level 5, -3/38 HPs)
             Began as a Demonspawn Hunter on Mar 16, 2014.
             Slain by WrathOfTrog's ghost (4 damage)
             ... on Level 3 of the Dungeon.
             The game lasted 00:20:05 (2187 turns).

CrazyArbalest the Bolt Thrower (Demonspawn Hunter)  Turns: 2187, Time: 00:20:05

HP  -3/38        AC  2     Str 13      XL: 5   Next: 77%
MP   4/4         EV 12     Int 13      God:
Gold 158         SH  0     Dex 13      Spells:  0 memorised,  4 levels left

Res.Fire  : + . .   See Invis. : .   a - +0 dwarf mace
Res.Cold  : + . .   Warding    : .   s - -2 orc leather armour (curse)
Life Prot.: . . .   Conserve   : .   (no shield)
Res.Poison: +       Res.Corr.  : .   (no helmet)
Res.Elec. : +       Clarity    : .   (no cloak)
Sust.Abil.: . .     Spirit.Shd : .   (no gloves)
Res.Mut.  : .       Stasis     : .   (no boots)
Res.Rott. : .       Flight     : .   h - amulet of the gourmand
Gourmand  : +                        (no ring)
                                     (no ring)

@: mildly poisoned, slightly resistant to hostile enchantments, unstealthy
A: powered by death 1, AC +1
a: no special abilities


You were on level 3 of the Dungeon.
You were completely stuffed.

You visited 1 branch of the dungeon, and saw 4 of its levels.

You collected 138 gold pieces.

Inventory:

Hand weapons
 a - a +0,+0 dwarven mace (weapon)
 b - a +1,+1 crossbow
Missiles
 c - 119 bolts
 k - 7 poisoned bolts
Armour
 d - a +0 leather armour
 s - a cursed -2 orcish leather armour (worn)
 v - a +0 ring mail
Magical devices
 t - a wand of draining (4) {unknown}
Comestibles
 f - 2 bread rations
 u - a meat ration
Scrolls
 g - a scroll of curse weapon
 i - a scroll of teleportation {unknown}
 j - a scroll of random uselessness {unknown}
 l - a scroll of blinking {unknown}
 p - 2 scrolls of identify
 q - a scroll of enchant weapon I {unknown}
 w - a scroll of curse armour {unknown}
Jewellery
 e - an uncursed amulet of clarity {unknown}
 h - an amulet of the gourmand (around neck)
Potions
 o - a potion of curing {unknown}
 r - a potion of heal wounds {unknown}


   Skills:
 + Level 1.1 Fighting
 * Level 1.2 Maces & Flails
 + Level 5.0 Crossbows
 + Level 2.0 Armour
 + Level 3.2 Dodging
 + Level 1.1 Stealth


You had 4 spell levels left.
You didn't know any spells.

Dungeon Overview and Level Annotations

Branches:
Dungeon (4/27)
 Temple: D:4-7

Altars:
Ashenzari
Makhleb

Annotations:
D:3 WrathOfTrog's ghost, weakling CeBe


Innate Abilities, Weirdness & Mutations

You are partially covered in molten scales (AC +1).
You can steal the life force of nearby defeated enemies.


Message History

Okay, then.
Unknown command.
Read which item? (? for menu, Esc to quit)
As you read the scroll labeled USESCH FUJOATEST, it crumbles to dust.
Use on which item? (\ to view known items) (? for menu, Esc to quit)
g - a scroll of curse weapon It was a scroll of identify.
WrathOfTrog's ghost hits you!
* * * LOW HITPOINT WARNING * * *
Drink which item? (? for menu, Esc to quit)
That liquid tasted very nasty...
You are poisoned.
It was a potion of poison.
* * * LOW HITPOINT WARNING * * *
You feel sick. WrathOfTrog's ghost hits you.
* * * LOW HITPOINT WARNING * * *
Drink which item? (? for menu, Esc to quit)
You feel protected.
It was a potion of resistance.
* * * LOW HITPOINT WARNING * * *
You feel sick. WrathOfTrog's ghost hits you.
You die...

.#### #.# .# . #.#
## ...##.####
.........#
###.#.##.# #.#..#.#
#.#..#.# #.#..#.#
#..(@p.#
##############(####
#..........#...#
#.########.#)###
#.# #.#.# ##.#
#...# ##.# #####
...# ####


You could see WrathOfTrog's ghost.

Vanquished Creatures
  A centaur (D:4)
  An orc priest (D:4)
  An iguana (D:4)
  5 adders
  A giant eyeball (D:4)
  3 giant geckos
  An ooze (D:4)
  4 orcs
  2 ball pythons
  4 giant cockroaches
  3 goblins
  7 hobgoblins
  6 kobolds
  7 bats
  A giant gecko skeleton (D:4)
  A giant newt (D:4)
  9 rats
57 creatures vanquished.

Notes
Turn   | Place    | Note
--------------------------------------------------------------
     0 | D:1      | CrazyArbalest, the Demonspawn Hunter, began the quest for the Orb.
     0 | D:1      | Reached XP level 1. HP: 16/16 MP: 0/0
    96 | D:1      | Reached skill level 4 in Crossbows
    98 | D:1      | Gained mutation: You can steal the life force of nearby defeated enemies. [demonic ancestry]
    98 | D:1      | Reached XP level 2. HP: 22/22 MP: 1/1
   697 | D:1      | Reached skill level 1 in Stealth
   697 | D:1      | Gained mutation: You are partially covered in molten scales (AC +1). [demonic ancestry]
   697 | D:1      | Reached XP level 3. HP: 23/27 MP: 2/2
  1191 | D:2      | You fall through a shaft!
  1353 | D:4      | Reached skill level 1 in Armour
  1353 | D:4      | Reached XP level 4. HP: 14/33 MP: 3/3
  1573 | D:4      | Reached skill level 1 in Maces & Flails
  1620 | D:4      | Noticed a centaur
  1648 | D:4      | Found a burning altar of Makhleb.
  1649 | D:4      | Found a shattered altar of Ashenzari.
  1689 | D:4      | Killed a centaur
  1689 | D:4      | Reached XP level 5. HP: 17/38 MP: 4/4
  2111 | D:3      | Reached skill level 5 in Crossbows
  2177 | D:3      | Noticed WrathOfTrog's ghost (weakling CeBe)
  2187 | D:3      | HP: 1/38 [poison (a potion of poison)]
  2187 | D:3      | Slain by WrathOfTrog's ghost

Action                   |  1- 3 |  4- 6 || total
-------------------------+-------+-------++-------
Melee: Mace              |   108 |    25 ||   133
 Fire: Crossbow          |    32 |    28 ||    60
  Use: Potion            |       |     2 ||     2
       Scroll            |       |     1 ||     1
 Stab: Sleeping          |     1 |       ||     1
